SL
PHOENIX HOTSPUR @ RICHARDSON CITY THUNDERCATS
05/27/2034
 
TOP OF THE 1ST
Phoenix Hotspur batting - Pitching for Richardson City Thundercats : LHP Doug Freeth
Pitching: LHP Doug Freeth
Batting: LHB Mare Riseley 0-0: Foul Ball, location: 2F
0-1: Foul Ball, location: 2F
0-2: Ball
1-2: Ball
2-2: Strikes out swinging
Batting: RHB Kyle Bywaters 0-0: Called Strike
0-1: Bunted foul
0-2: Ball
1-2: Ball
2-2: Reached on error, E6 (Groundball, 6)
Batting: LHB Tadayoshi Watanabe 0-0: Called Strike
0-1: Ball
1-1: Foul Ball, location: 2F
1-2: Foul Ball, location: 2F
1-2: 2-RUN HOME RUN (Flyball, 9LD), Distance : 341 ft
Batting: RHB Martín Talia 0-0: Called Strike
0-1: Swinging Strike
0-2: Ball
1-2: Ball
2-2: Ball
3-2: SINGLE (Groundball, 23) (infield hit)
Batting: LHB Harumi Takaki 0-0: Ball
1-0: Fly out, F9 (Flyball, 89S)
Batting: RHB Gabriel Pérez 0-0: Called Strike
0-1: Ball
1-1: Ball
2-1: Fielders Choice at 2nd, 5-4 (Groundball, 5)
Top of the 1st over - 2 runs, 2 hits, 1 error, 1 left on base; Phoenix 2 - Richardson City 0
BOTTOM OF THE 1ST
Richardson City Thundercats batting - Pitching for Phoenix Hotspur : RHP José Ruíz
Pitching: RHP José Ruíz
Batting: LHB Ashley Thachi 0-0: Ball
1-0: SINGLE (Line Drive, 7S)
Batting: LHB Eduardo Álvarez 0-0: Called Strike
0-1: Fly out, F7 (Flyball, 78S)
Batting: LHB Juan Jose Hernández 0-0: Ball
1-0: Ball
2-0: Grounds into double play, 4-6-3 (Groundball, 4)
Bottom of the 1st over - 0 runs, 1 hit, 0 errors, 0 left on base; Phoenix 2 - Richardson City 0
TOP OF THE 2ND
Phoenix Hotspur batting - Pitching for Richardson City Thundercats : LHP Doug Freeth
Batting: RHB Julián De Paz 0-0: Ball
1-0: Fly out, F9 (Flyball, 89D)
Batting: RHB Lopahin Davletyarov 0-0: Ball
1-0: SINGLE (Flyball, 89S)
Batting: LHB Mark Detamore 0-0: Ball
Lopahin Davletyarov steals 2nd base
1-0: Foul Ball, location: 2F
1-1: Fly out, F9 (Flyball, 9LS)
Batting: LHB Mare Riseley 0-0: Ball
1-0: Ball
2-0: Fly out, F9 (Flyball, 9D)
Top of the 2nd over - 0 runs, 1 hit, 0 errors, 1 left on base; Phoenix 2 - Richardson City 0
BOTTOM OF THE 2ND
Richardson City Thundercats batting - Pitching for Phoenix Hotspur : RHP José Ruíz
Batting: LHB Kazuyoshi Hasegawa 0-0: Ball
1-0: Ball
2-0: Ball
3-0: Called Strike
3-1: Called Strike
3-2: Fly out, F1 (Line Drive, 13)
Batting: RHB Tomás Martínez 0-0: Swinging Strike
0-1: Swinging Strike
0-2: Foul Ball, location: 2F
0-2: Strikes out looking
Batting: RHB Manuel Ramos 0-0: Called Strike
0-1: Ball
1-1: Foul Ball, location: 2F
1-2: SINGLE (Flyball, 89S)
Batting: LHB Jorge Flores 0-0: Ball
1-0: Ball
2-0: Called Strike
2-1: Hit by Pitch
Manuel Ramos to second
Batting: RHB Alfredo Pizarro 0-0: Called Strike
0-1: Ball
1-1: Swinging Strike
1-2: Ground out 5-3 (Groundball, 56S)
Bottom of the 2nd over - 0 runs, 1 hit, 0 errors, 2 left on base; Phoenix 2 - Richardson City 0
TOP OF THE 3RD
Phoenix Hotspur batting - Pitching for Richardson City Thundercats : LHP Doug Freeth
Batting: RHB Kyle Bywaters 0-0: Ball
1-0: Ball
2-0: Fly out, F9 (Flyball, 9D)
Batting: LHB Tadayoshi Watanabe 0-0: Ball
1-0: Ground out 4-3 (Groundball, 34)
Batting: RHB Martín Talia 0-0: Called Strike
0-1: Called Strike
0-2: Ground out 5-3 (Groundball, 5L)
Top of the 3rd over - 0 runs, 0 hits, 0 errors, 0 left on base; Phoenix 2 - Richardson City 0
BOTTOM OF THE 3RD
Richardson City Thundercats batting - Pitching for Phoenix Hotspur : RHP José Ruíz
Batting: RHB Felipe Campos 0-0: Foul Ball, location: 2F
0-1: Ball
1-1: Called Strike
1-2: Ball
2-2: Ground out 5-3 (Groundball, 56S)
Batting: LHB Ashley Thachi 0-0: Fly out, F8 (Flyball, 89S)
Batting: LHB Eduardo Álvarez 0-0: Called Strike
0-1: Foul Ball, location: 2F
0-2: Ball
1-2: Ball
2-2: Ball
3-2: Base on Balls
Batting: LHB Juan Jose Hernández 0-0: Hit by Pitch
Eduardo Álvarez to second
Batting: LHB Kazuyoshi Hasegawa 0-0: Ball
1-0: 3-RUN HOME RUN (Flyball, 9LD), Distance : 428 ft
Batting: RHB Tomás Martínez 0-0: Ball
1-0: Called Strike
1-1: SINGLE (Line Drive, 56D)
Batting: RHB Manuel Ramos 0-0: Ball
1-0: Foul Ball, location: 2F
1-1: SINGLE (Line Drive, 89S)
Tomás Martínez to second
Batting: LHB Jorge Flores 0-0: Foul Ball, location: 2F
0-1: Swinging Strike
0-2: Ball
1-2: Ball
2-2: Fly out, F7 (Flyball, 7S)
Bottom of the 3rd over - 3 runs, 3 hits, 0 errors, 2 left on base; Phoenix 2 - Richardson City 3
TOP OF THE 4TH
Phoenix Hotspur batting - Pitching for Richardson City Thundercats : LHP Doug Freeth
Batting: LHB Harumi Takaki 0-0: Ball
1-0: Ball
2-0: Fly out, F9 (Flyball, 89M)
Batting: RHB Gabriel Pérez 0-0: Fly out, F7 (Flyball, 7LD)
Batting: RHB Julián De Paz 0-0: Called Strike
0-1: Foul Ball, location: 2F
0-2: Foul Ball, location: 2F
0-2: Foul Ball, location: 2F
0-2: Ball
1-2: Ball
2-2: Ball
3-2: Base on Balls
Batting: RHB Lopahin Davletyarov 0-0: Called Strike
0-1: Fly out, F8 (Flyball, 8RM)
Top of the 4th over - 0 runs, 0 hits, 0 errors, 1 left on base; Phoenix 2 - Richardson City 3
BOTTOM OF THE 4TH
Richardson City Thundercats batting - Pitching for Phoenix Hotspur : RHP José Ruíz
Batting: RHB Alfredo Pizarro 0-0: Fly out, F8 (Flyball, 8LM)
Batting: RHB Felipe Campos 0-0: Called Strike
0-1: Ball
1-1: Foul Ball, location: 2F
1-2: Ball
2-2: Ball
3-2: Fly out, F8 (Line Drive, 8LXD)
Batting: LHB Ashley Thachi 0-0: Called Strike
0-1: Called Strike
0-2: Ball
1-2: SINGLE (Groundball, 6D)
Batting: LHB Eduardo Álvarez 0-0: Ball
1-0: Foul Ball, location: 2F
1-1: Ground out 4-3 (Groundball, 4)
Bottom of the 4th over - 0 runs, 1 hit, 0 errors, 1 left on base; Phoenix 2 - Richardson City 3
TOP OF THE 5TH
Phoenix Hotspur batting - Pitching for Richardson City Thundercats : LHP Doug Freeth
Batting: LHB Mark Detamore 0-0: Called Strike
0-1: Ball
1-1: Ball
2-1: Foul Ball, location: 2F
2-2: SINGLE (Groundball, 4MD)
Batting: LHB Mare Riseley 0-0: Sac Bunt - play at first, batter OUT! 3-4
Mark Detamore to second
Batting: RHB Kyle Bywaters 0-0: Swinging Strike
0-1: Hit by Pitch
Batting: LHB Tadayoshi Watanabe 0-0: Called Strike
0-1: Fly out, F4 (Line Drive, 4)
Batting: RHB Martín Talia 0-0: Ball
1-0: Ball
2-0: Called Strike
2-1: Called Strike
2-2: Ball
3-2: Foul Ball, location: 2F
3-2: Foul Ball, location: 2F
3-2: Strikes out looking
Top of the 5th over - 0 runs, 1 hit, 0 errors, 2 left on base; Phoenix 2 - Richardson City 3
BOTTOM OF THE 5TH
Richardson City Thundercats batting - Pitching for Phoenix Hotspur : RHP José Ruíz
Batting: LHB Juan Jose Hernández 0-0: Foul Ball, location: 2F
0-1: Called Strike
0-2: Ball
1-2: Ball
2-2: Foul Ball, location: 2F
2-2: SINGLE (Line Drive, 9S)
Batting: LHB Kazuyoshi Hasegawa 0-0: Ball
1-0: Fly out, F8 (Flyball, 8RXD)
Batting: RHB Tomás Martínez 0-0: Ball
1-0: Ball
2-0: DOUBLE (Line Drive, 78XD)
Juan Jose Hernández to third
Runner from 3rd tries for Home, SAFE, no throw
Batting: RHB Manuel Ramos 0-0: Fly out, F6 (Flyball, 56D)
Batting: LHB Jorge Flores 0-0: Ball
1-0: Fly out, F8 (Line Drive, 8LS)
Bottom of the 5th over - 1 run, 2 hits, 0 errors, 1 left on base; Phoenix 2 - Richardson City 4
TOP OF THE 6TH
Phoenix Hotspur batting - Pitching for Richardson City Thundercats : LHP Doug Freeth
Batting: LHB Harumi Takaki 0-0: Ball
1-0: Called Strike
1-1: Called Strike
1-2: Strikes out looking
Batting: RHB Gabriel Pérez 0-0: Ball
1-0: Called Strike
1-1: SINGLE (Groundball, 56D)
Batting: RHB Julián De Paz 0-0: Called Strike
0-1: Ball
1-1: Ball
2-1: Swinging Strike
2-2: SINGLE (Line Drive, 7LS)
Gabriel Pérez to second
Batting: RHB Lopahin Davletyarov 0-0: Called Strike
Gabriel Pérez steals 3rd base
0-1: Hit by Pitch
Julián De Paz to second
Batting: LHB Mark Detamore 0-0: SINGLE (Groundball, 4MD)
Gabriel Pérez scores
Julián De Paz to third
Lopahin Davletyarov to second
Batting: LHB Mare Riseley 0-0: Called Strike
0-1: Foul Ball, location: 2F
0-2: Grounds into fielders choice 3-2 (Groundball, 3S)
Lopahin Davletyarov to third
Mark Detamore to second
Pitching: LHP Kazuo Hamada
Batting: RHB Kyle Bywaters 0-0: Foul Ball, location: 2F
0-1: Called Strike
0-2: SINGLE (Groundball, 6D)
Lopahin Davletyarov scores
Mark Detamore to third
Mare Riseley to second
Batting: LHB Tadayoshi Watanabe 0-0: Foul Ball, location: 2F
0-1: Foul Ball, location: 2F
0-2: Strikes out swinging
Top of the 6th over - 2 runs, 4 hits, 0 errors, 3 left on base; Phoenix 4 - Richardson City 4
BOTTOM OF THE 6TH
Richardson City Thundercats batting - Pitching for Phoenix Hotspur : RHP José Ruíz
Batting: RHB Alfredo Pizarro 0-0: Called Strike
0-1: Fly out, F7 (Flyball, 7S)
Batting: RHB Felipe Campos 0-0: Fly out, F7 (Flyball, 7LS)
Batting: LHB Ashley Thachi 0-0: Ball
1-0: Called Strike
1-1: Called Strike
1-2: SINGLE (Groundball, 6D)
Batting: LHB Eduardo Álvarez 0-0: Called Strike
0-1: Called Strike
0-2: Ball
1-2: Foul Ball, location: 2F
1-2: Ball
2-2: Ball
3-2: Fly out, F8 (Flyball, 8LM)
Bottom of the 6th over - 0 runs, 1 hit, 0 errors, 1 left on base; Phoenix 4 - Richardson City 4
TOP OF THE 7TH
Phoenix Hotspur batting - Pitching for Richardson City Thundercats : LHP Kazuo Hamada
Batting: RHB Martín Talia 0-0: Foul Ball, location: 2F
0-1: Ball
1-1: DOUBLE (Line Drive, 7LD)
Batting: LHB Harumi Takaki 0-0: Ball
1-0: Called Strike
1-1: Ball
2-1: Foul Ball, location: 2F
2-2: Foul Ball, location: 2F
2-2: SINGLE (Flyball, 78M)
Martín Talia to third
Batting: RHB Gabriel Pérez 0-0: Foul Ball, location: 2F
0-1: Ball
1-1: Ball
2-1: Fly out, F7 (Line Drive, 7LD)
Runner from 3rd tags up, SCORES, no throw
Batting: RHB Julián De Paz 0-0: Foul Ball, location: 2F
0-1: Fly out, F6 (Line Drive, 6)
Batting: RHB Lopahin Davletyarov 0-0: Foul Ball, location: 2F
0-1: Called Strike
0-2: Strikes out swinging
Top of the 7th over - 1 run, 2 hits, 0 errors, 1 left on base; Phoenix 5 - Richardson City 4
BOTTOM OF THE 7TH
Richardson City Thundercats batting - Pitching for Phoenix Hotspur : RHP José Ruíz
Batting: LHB Juan Jose Hernández 0-0: Ground out 4-3 (Groundball, 4)
Batting: LHB Kazuyoshi Hasegawa 0-0: Foul Ball, location: 2F
0-1: Ball
1-1: SINGLE (Flyball, 4MD)
Pinch Runner at 1st José García:
Batting: RHB Tomás Martínez 0-0: Called Strike
0-1: Called Strike
0-2: Ball
1-2: Strikes out looking
Batting: RHB Manuel Ramos 0-0: Called Strike
0-1: Ball
José García steals 2nd base
1-1: Ball
2-1: Fly out, F8 (Flyball, 8LM)
Bottom of the 7th over - 0 runs, 1 hit, 0 errors, 1 left on base; Phoenix 5 - Richardson City 4
TOP OF THE 8TH
Phoenix Hotspur batting - Pitching for Richardson City Thundercats : LHP Kazuo Hamada
Batting: LHB Mark Detamore 0-0: Called Strike
0-1: Ball
1-1: Ball
2-1: Foul Ball, location: 2F
2-2: Ground out 1-3 (Groundball, P)
Batting: LHB Mare Riseley 0-0: Called Strike
0-1: Ground out 4-3 (Groundball, 4)
Batting: RHB Kyle Bywaters 0-0: SINGLE (Groundball, 56D)
Batting: LHB Tadayoshi Watanabe 0-0: Ball
1-0: Ball
2-0: Called Strike
2-1: Ground out 4-3 (Groundball, 4MS)
Top of the 8th over - 0 runs, 1 hit, 0 errors, 1 left on base; Phoenix 5 - Richardson City 4
BOTTOM OF THE 8TH
Richardson City Thundercats batting - Pitching for Phoenix Hotspur : RHP José Ruíz
Batting: LHB Jorge Flores 0-0: Called Strike
0-1: Foul Ball, location: 2F
0-2: Ball
1-2: Strikes out swinging
Batting: RHB Alfredo Pizarro 0-0: Called Strike
0-1: Ball
1-1: SINGLE (Flyball, 8LS)
Pitching: RHP Alexander Weareorwear
Pinch Runner at 1st Juan Macíel:
Batting: RHB Felipe Campos 0-0: Ball
1-0: Foul Ball, location: 2F
1-1: Ball
2-1: Sac Bunt - play at first, batter OUT! 5-4
Juan Macíel to second
Batting: LHB Ashley Thachi 0-0: Called Strike
0-1: Ball
1-1: Swinging Strike
1-2: Strikes out swinging
Bottom of the 8th over - 0 runs, 1 hit, 0 errors, 1 left on base; Phoenix 5 - Richardson City 4
TOP OF THE 9TH
Phoenix Hotspur batting - Pitching for Richardson City Thundercats : LHP Kazuo Hamada
Now in CF: Juan Macíel
Batting: RHB Martín Talia 0-0: Called Strike
0-1: Called Strike
0-2: Ball
1-2: Ball
2-2: Strikes out swinging
Batting: LHB Harumi Takaki 0-0: Ball
1-0: SINGLE (Flyball, 7S)
Batting: RHB Gabriel Pérez 0-0: Ball
1-0: Foul Ball, location: 2F
1-1: Swinging Strike
1-2: Ball
2-2: Foul Ball, location: 2F
2-2: Fly out, F7 (Flyball, 78M)
Batting: RHB Julián De Paz 0-0: Ball
1-0: Reached on error, E5 (Groundball, 56)
Harumi Takaki to second
Batting: RHB Lopahin Davletyarov 0-0: Fly out, F6 (Popup, 6)
Top of the 9th over - 0 runs, 1 hit, 1 error, 2 left on base; Phoenix 5 - Richardson City 4
BOTTOM OF THE 9TH
Richardson City Thundercats batting - Pitching for Phoenix Hotspur : RHP Alexander Weareorwear
Pitching: RHP Roger Taylor
Batting: LHB Eduardo Álvarez 0-0: Swinging Strike
0-1: Ball
1-1: Called Strike
1-2: Ball
2-2: Ball
3-2: Foul Ball, location: 2F
3-2: Strikes out swinging
Batting: LHB Juan Jose Hernández 0-0: Ball
1-0: Ball
2-0: Ground out 4-3 (Groundball, 34)
Batting: RHB José García 0-0: SINGLE (Line Drive, 9LS)
Batting: RHB Tomás Martínez 0-0: Fly out, F7 (Flyball, 7)
Bottom of the 9th over - 0 runs, 1 hit, 0 errors, 1 left on base; Phoenix 5 - Richardson City 4
Friday, March 29th, 2019 - OOTP Baseball 18.8 Build 76